 Dungeon Crawl Stone Soup version 0.32-a0-975-g85d4e5bfdb (webtiles) character file.

Game seed: 6683918445018214029

87 trashops the Chopper (level 4, -7/40 HPs)
             Began as a Mountain Dwarf Fighter on Apr 19, 2024.
             Mangled by Sigmund
             ... wielding a +0 scythe
              (10 damage)
             ... on level 2 of the Dungeon.
             The game lasted 00:02:12 (1354 turns).

trashops the Chopper (Mountain Dwarf Fighter)       Turns: 1354, Time: 00:02:13

Health: -7/40      AC:  7    Str: 20    XL:     4   Next: 28%
Magic:  4/4        EV:  8    Int:  9    God:
Gold:   95         SH:  9    Dex:  9    Spells: 3/3 levels left

rFire   . . .        a - +0 war axe
rCold   . . .        c - +0 buckler
rNeg    . . .        b - +0 scale mail
rPois   +            (no helmet)
rElec   .            (no cloak)
rCorr   .            (no gloves)
SInv    .            (no boots)
Will    .....        e - amulet of reflection Stlth
                     f - ring of poison resistance
HPRegen 0.26/turn    (no ring)
MPRegen 0.09/turn

%: reflection
@: mighty
A: runic magic, artefact enchanting
a: no special abilities


You were on level 2 of the Dungeon.
You visited 1 branch of the dungeon, and saw 2 of its levels.

You collected 95 gold pieces.

Inventory:

Hand Weapons
 a - a +0 war axe (weapon)
Armour
 b - a +0 scale mail (worn)
 c - a +0 buckler (worn)
Jewellery
 e - an amulet of reflection (around neck)
 f - a ring of poison resistance (left hand)
Potions
 d - a potion of might


   Skills:
 + Level 3.8 Fighting
 * Level 4.2 Axes
 + Level 3.7 Armour
 + Level 3.8 Shields


You had 3 spell levels left.
You didn't know any spells.
Your spell library contained the following spells:

 Spells                   Type           Power      Damage    Failure   Level
 Ensorcelled Hibernation  Hex/Ice        0%         N/A       69%         2
 Passwall                 Erth           0%         N/A       89%         3
 Swiftness                Air            0%         N/A       89%         3


Dungeon Overview and Level Annotations

Branches:
Dungeon (2/15)

Altars:

Annotations:
D:2 Sigmund


Innate Abilities, Weirdness & Mutations

Your spellcasting is much less encumbered by armour.
You can use scrolls of enchantment on lesser artefacts.


Message History

a +0 dagger; a +0 sling Sigmund barely misses you.
You slash Sigmund!
Sigmund is severely wounded.
Sigmund points at you and mumbles some strange words.
You are confused.
You flicker for a moment.
Sigmund hits you with a +0 scythe.
* * * LOW HITPOINT WARNING * * *
Sigmund closely misses you.
Sigmund gestures at something while chanting.
You feel less confused.
You flicker back into view.
You block Sigmund's attack.
You barely miss Sigmund.
Sigmund is severely wounded.
You closely miss Sigmund.
Sigmund is severely wounded.
Sigmund points at you and mumbles some strange words.
You resist with some effort. Sigmund barely misses you.
You hit Sigmund.
Sigmund is severely wounded.
You block Sigmund's attack.
You barely miss Sigmund.
Sigmund is severely wounded.
You completely miss Sigmund.
Sigmund is severely wounded.
Sigmund gestures wildly while chanting.
Sigmund flickers and vanishes!
Deactivating autopickup; reactivate with Ctrl-A.
You block something's attack.
You miss something. Something hits you.
* * * LOW HITPOINT WARNING * * *
You barely miss something. You closely miss something.
You block something's attack.
You barely miss something. Something hits you but does no damage.
You closely miss something. Something hits you.
* * * LOW HITPOINT WARNING * * *
You closely miss something. Something hits you!
You die...

.......#.##.#
##.###)## .# .##.
#)# .###
...<###$###....
#..†))..#
####.....!.#
.......)...#
###........######
#....@{........
#........#####.
#........#
#.######.# ... .#
.## .. ###


There were no monsters in sight!

Vanquished Creatures
  Robin (D:2)
  2 adders (D:2)
  A dart slug (D:1)
  4 ball pythons
  An endoplasm (D:1)
  A giant cockroach (D:1)
  16 goblins
  5 hobgoblins
  4 jackals (D:1)
  4 quokkas (D:1)
  3 bats
  6 frilled lizards
  2 kobolds
  3 rats (D:1)
53 creatures vanquished.

Vanquished Creatures (others)
  2 hobgoblins (D:2)
2 creatures vanquished.

Grand Total: 55 creatures vanquished

Notes
Turn   | Place    | Note
-------+----------+-------------------------------------------
     0 | D:1      | trashops the Mountain Dwarf Fighter began the quest for the
                  | Orb.
     0 | D:1      | Reached XP level 1. HP: 19/19 MP: 1/1
    92 | D:1      | Reached XP level 2. HP: 25/26 MP: 2/2
   399 | D:1      | Reached skill level 3 in Axes
   650 | D:1      | Reached XP level 3. HP: 33/33 MP: 3/3
  1311 | D:2      | Noticed Robin
  1312 | D:2      | Noticed Sigmund
  1327 | D:2      | Killed Robin
  1328 | D:2      | Reached skill level 4 in Axes
  1328 | D:2      | Reached XP level 4. HP: 24/40 MP: 4/4
  1353 | D:2      | HP: 2/40 [something (3)]
  1354 | D:2      | Mangled by Sigmund

Illustrated notes

Levels and vault maps discovered:
D:1:      lightli_arrival_windingriver, layout_loops_corners, serial_rivers,
          chequers_serial_rivers_large_a, chequers_serial_rivers_room_a,
          chequers_serial_rivers_micro_c, chequers_serial_rivers_room_a
D:2:      layout_loops_cross, grunt_ministairs_7, minmay_lizard_king,
          uniq_robin, uniq_sigmund

Skill      XL: |  1  2  3 |
---------------+----------+-----
Axes           | 3 4 |  4.2
Fighting       | |  3.8
Armour         | |  3.7
Shields        | |  3.8

Action                     |  1- 3 |  4- 6 || total
---------------------------+-------+-------++-------
  Melee: War axe           |   131 |    16 ||   147
    Use: Potion            |     3 |       ||     3
         Scroll            |     2 |       ||     2
   Stab: Invisible         |     1 |     3 ||     4
 Armour: Scale mail        |   134 |    12 ||   146
  Dodge: Dodged            |    59 |     5 ||    64
  Block: Buckler           |    46 |     9 ||    55
         Reflection        |     4 |     1 ||     5

Table legend: (Time is in decaauts)
 A = Elapsed time spent in this place.
 B = Non-inter-level travel time spent in this place.
 C = Inter-level travel time spent in this place.
 D = Time resting spent in this place.
 E = Time spent auto-exploring this place.
 F = Levels seen in this place.
 G = Mean time per level.
                   A        B        C        D        E       F      G
               +--------+--------+--------+--------+--------+-----+--------+
         Total |   1424 |   1408 |     16 |      0 |   1082 |   2 |  712.0 |
       Dungeon |   1424 |   1408 |     16 |      0 |   1082 |   2 |  712.0 |
               +--------+--------+--------+--------+--------+-----+--------+

Top non-repeatable levels by time:
     D:1: 1154 daAuts
     D:2: 269 daAuts
